 Dungeon Crawl Stone Soup version 0.23.2-30-g0e89c35649 (webtiles) character file.

Game seed: 9647817577377149363

108 CheeseeCupcake the Vandal (level 5, -5/32 HPs)
             Began as a Kobold Hunter on June 8, 2019.
             Slain by a hound (6 damage)
             ... on level 3 of the Dungeon.
             The game lasted 00:10:23 (2690 turns).

CheeseeCupcake the Vandal (Kobold Hunter)           Turns: 2690, Time: 00:10:24

Health: -5/32      AC:  3    Str: 11    XL:     5   Next: 12%
Magic:  5/5        EV: 15    Int: 12    God:
Gold:   103        SH:  0    Dex: 15    Spells: 4/4 levels left

rFire    . . .     SeeInvis .   a - +1 hunting sling
rCold    . . .     Gourm    .   (shield restricted)
rNeg     . . .     Faith    .   c - +0 leather armour
rPois    .         Spirit   .   (no helmet)
rElec    .         Reflect  .   (no cloak)
rCorr    .         Harm     .   (no gloves)
MR       .....                  (no boots)
Stlth    ++........             (no amulet)
HPRegen  0.10/turn              (no ring)
MPRegen  0.09/turn              (no ring)

@: no status effects
A: small, carnivore
a: no special abilities


You were on level 3 of the Dungeon.
You were very hungry.

You visited 1 branch of the dungeon, and saw 4 of its levels.

You collected 103 gold pieces.

Inventory:

Hand Weapons
 a - a +1 hunting sling (weapon)
 b - a +0 short sword
Missiles
 d - 13 sling bullets (quivered)
 e - 142 stones
Armour
 c - a +0 leather armour (worn)
Scrolls
 i - a scroll of teleportation {unknown}
 j - a scroll of identify {unknown}
 k - a scroll of fog {unknown}
 l - 3 scrolls of enchant weapon {unknown}
 n - a scroll of remove curse {unknown}
Potions
 g - a potion of agility {unknown}
 h - 2 potions of curing {unknown}
 m - a potion of heal wounds {unknown}
 o - 2 potions of might {unknown}
 p - a potion of lignification {unknown}
Comestibles
 f - 8 rations


   Skills:
 + Level 2.8 Fighting
 + Level 5.6 Slings
 - Level 0.2 Armour
 + Level 2.6 Dodging
 - Level 1.6 Stealth


You had 4 spell levels left.
You didn't know any spells.
Your spell library was empty.

Dungeon Overview and Level Annotations

Branches:
Dungeon (4/15)
 Temple: D:4-7

Altars:
Fedhas
Wu Jian

Annotations:
D:2 1 exclusion


Innate Abilities, Weirdness & Mutations

You are small and have problems with some larger weapons.
You are carnivorous and can eat meat at any time.


Message History

You shoot a sling bullet.
The sling bullet closely misses the hound.
The hound misses you. The hound bites you.
Firing (i - inventory. (/) - cycle)
d - 15 sling bullets (quivered)
Press: ? - help, Shift-Dir - straight line, f/p - hound
Aim: a hound (moderately wounded)
You shoot a sling bullet. The sling bullet hits the hound.
The hound is moderately wounded.
The phantom hits you!
* * * LOW HITPOINT WARNING * * *
The phantom blinks!
The hound bites you.
* * * LOW HITPOINT WARNING * * *
Firing (i - inventory. (/) - cycle)
d - 14 sling bullets (quivered)
Press: ? - help, Shift-Dir - straight line, f/p - hound
Aim: a hound (moderately wounded)
You shoot a sling bullet. The sling bullet hits the hound.
The hound is severely wounded.
The hound barely misses you. The hound bites you.
You die...

#### #... #.## ####.## ########
#...... #......# #......
#......#############......
#######......##>h.....(.........
#.............#@ยง...............
#.#####.......#.....#.#######.##
#.# #######....W#.#.##### #.# #.#
#.....#...#.....# #.# #.#
##.#############.# #.# #.#
######<...#.........#.# #.# #.#
#.....#.#.#.####......# #.# #.#
#.....#...#.# #......# #.## #.#
#.....#####.# #......# #...


You could see a phantom and a hound.

Vanquished Creatures
  A worker ant (D:3)
  2 adders (D:2)
  A leopard gecko (D:1)
  8 orcs (D:3)
  A ball python (D:2)
  6 goblins
  5 hobgoblins
  7 jackals
  13 bats
  4 frilled lizards
  5 kobolds
  2 rats (D:3)
55 creatures vanquished.

Notes
Turn   | Place    | Note
-------+----------+-------------------------------------------
     0 | D:1      | CheeseeCupcake the Kobold Hunter began the quest for the
                  | Orb.
     0 | D:1      | Reached XP level 1. HP: 12/12 MP: 1/1
   125 | D:1      | Reached XP level 2. HP: 17/17 MP: 2/2
   364 | D:1      | Reached XP level 3. HP: 22/22 MP: 3/3
   881 | D:2      | Found an ornate altar of the Wu Jian Council.
  1130 | D:2      | Found a blossoming altar of Fedhas.
  1153 | D:2      | Reached skill level 5 in Slings
  1153 | D:2      | Reached XP level 4. HP: 9/27 MP: 4/4
  2023 | D:4      | Noticed a phantom
  2541 | D:3      | Reached XP level 5. HP: 29/32 MP: 5/5
  2688 | D:3      | HP: 1/32 [hound (4)]
  2690 | D:3      | Slain by a hound

Skill      XL: |  1  2  3 |
---------------+----------+-----
Slings         | 5 |  5.6
Fighting       | |  2.8
Armour         | |  0.2
Dodging        | |  2.6
Stealth        | |  1.6

Action                   |  1- 3 |  4- 6 || total
-------------------------+-------+-------++-------
Melee: Short sword       |     1 |       ||     1
 Fire: Hunting sling     |   125 |    55 ||   180
  Eat: Chunk             |     3 |     1 ||     4
Armor: Leather armour    |    17 |     3 ||    20
Dodge: Dodged            |    47 |    25 ||    72
